 Dungeon Crawl Stone Soup version 0.29-a0-902-g0f71de6fce (webtiles) character file.

Game seed: 1395262972651570266

429 wilfster70 the Stinger (level 6, -3/49 HPs)
             Began as a Naga Venom Mage on July 24, 2022.
             Slain by an ice beast (12 damage)
             ... on level 5 of the Dungeon.
             The game lasted 00:10:44 (4783 turns).

wilfster70 the Stinger (Naga Venom Mage)            Turns: 4783, Time: 00:10:44

Health: -3/49      AC:  4    Str: 10    XL:     6   Next: 98%
Magic:  21/21      EV:  9    Int: 18    God:
Gold:   107        SH:  0    Dex: 11    Spells: 7/13 levels left

rFire   . . .      SeeInvis +   a - +0 trident
rCold   . . .      Faith    .   (no shield)
rNeg    . . .      Spirit   .   e - +0 robe
rPois   +          Reflect  .   (no helmet)
rElec   .          Harm     .   (no cloak)
rCorr   .          Rampage  .   c - +0 pair of gloves
Will    .....                   (no barding)
Stlth   ++........              (no amulet)
HPRegen 0.16/turn               m - ring of magical power
MPRegen 0.17/turn               (no ring)

@: very slow
A: AC +2, large, see invisible, deformed body, poison resistance, slowness 2,
spit poison 1, naga tail 1
a: Spit Poison


You were on level 5 of the Dungeon.
You visited 1 branch of the dungeon, and saw 5 of its levels.

You collected 107 gold pieces.

Inventory:

Hand Weapons
 a - a +0 trident (weapon)
 b - a +0 sling
Armour
 c - a +0 pair of gloves (worn)
 e - a +0 robe (worn)
Jewellery
 m - a ring of magical power (left hand)
Scrolls
 j - 4 scrolls of fear
Potions
 d - a potion of magic
 f - a potion of heal wounds
 g - a potion of invisibility {unknown}
 h - a potion of curing {unknown}
 i - 2 potions of resistance
 k - a potion of attraction {unknown}
 l - a potion of might {unknown}
 n - a potion of mutation {unknown}


   Skills:
 - Level 1.5 Dodging
 - Level 3.0 Stealth
 - Level 4.0 Spellcasting
 + Level 1.4 Conjurations
 - Level 1.0 Transmutations
 + Level 2.7 Air Magic
 - Level 7.1 Poison Magic


You had 7 spell levels left.
You knew the following spells:

 Your Spells              Type           Power      Damage    Failure   Level
a - Sting                 Tmut/Pois      72%        1d6       2%          1
b - Poisonous Vapours     Pois/Air       42%        N/A       3%          2
c - Mephitic Cloud        Conj/Pois/Air  17%        N/A       10%         3

Your spell library contained the following spells:

 Spells                   Type           Power      Damage    Failure   Level
 Olgreb's Toxic Radiance  Pois           29%        N/A       8%          4
 Dazzling Flash           Conj/Hex       12%        N/A       32%         3
 Silence                  Hex/Air        4%         N/A       93%         5
 Agony                    Necr           3%         N/A       99%         5


Dungeon Overview and Level Annotations

Branches:
Dungeon (5/15)
 Temple: D:4-7

Altars:
Hepliaklqana
Trog

Shops:
D:5 (


Innate Abilities, Weirdness & Mutations

Your serpentine skin is tough. (AC +2)
You have supernaturally acute eyesight. (SInv)
Armour fits poorly on your strangely shaped body.
Your system is resistant to poisons. (rPois)
You cover ground very slowly.
You can spit poison.
You have a snake-like lower body.


Message History

Found Rucronoo's Antique Weapon Shop.
Found a stone staircase leading up.
Found a stone staircase leading down.
Found 12 gold pieces.
An ice beast comes into view.
Okay, then.
b - a +0 sling (weapon)
You shoot a sling bullet. The sling bullet hits the ice beast.
The ice beast is lightly wounded.
You shoot a sling bullet. The sling bullet hits the ice beast.
The ice beast is moderately wounded.
You shoot a sling bullet. The sling bullet hits the ice beast!
The ice beast is heavily wounded.
a - a +0 trident (weapon)
You hit the ice beast.
The ice beast is heavily wounded.
The ice beast completely misses you.
You closely miss the ice beast.
The ice beast is heavily wounded.
The ice beast closely misses you.
You closely miss the ice beast.
The ice beast is heavily wounded.
The ice beast hits you. The ice beast freezes you!
The ice beast hits you but does no damage.
You hit the ice beast.
The ice beast is severely wounded.
The ice beast closely misses you.
You closely miss the ice beast.
The ice beast is severely wounded.
The ice beast hits you. The ice beast freezes you!
You hit the ice beast.
The ice beast is severely wounded.
The ice beast hits you. The ice beast freezes you!
* * * LOW HITPOINT WARNING * * *
The ice beast barely misses you.
You closely miss the ice beast.
The ice beast is severely wounded.
The ice beast hits you.
* * * LOW HITPOINT WARNING * * *
The ice beast freezes you!
You die...

...........................
###..........#.............
# #........................
#...........##...##.....>
##..........##.......[.##
#.#...................#
######...)........###..
#...#.......###
##.###...@Y..####
#.##............
#####...........
##..8.8.8$.. ##.........
8.<.∩.>.8# ##........#
##8#8.8..# ####...##


You could see an ice beast.

Vanquished Creatures
  A black bear (D:5)
  A scorpion (D:4)
  2 hounds
  A gnoll bouda (D:4)
  An iguana (D:4)
  6 adders
  5 gnolls (D:4)
  A white imp (D:5)
  A worm (D:2)
  2 dart slugs
  2 orcs (D:3)
  2 ball pythons
  4 bats
  4 endoplasms
  3 giant cockroaches
  5 hobgoblins
  3 jackals (D:2)
  2 quokkas
  5 frilled lizards
  6 goblins
  8 kobolds
  2 rats
67 creatures vanquished.

Notes
Turn   | Place    | Note
-------+----------+-------------------------------------------
     0 | D:1      | wilfster70 the Naga Venom Mage began the quest for the Orb.
     0 | D:1      | Reached XP level 1. HP: 15/15 MP: 3/3
   202 | D:1      | Reached XP level 2. HP: 19/22 MP: 0/5
   780 | D:1      | Found a faded altar of an unknown god.
   978 | D:2      | Reached skill level 5 in Poison Magic
   978 | D:2      | Reached XP level 3. HP: 28/28 MP: 2/6
  1145 | D:2      | Learned a level 2 spell: Poisonous Vapours
  1985 | D:3      | Reached XP level 4. HP: 24/36 MP: 4/8
  2542 | D:3      | Reached skill level 6 in Poison Magic
  3180 | D:4      | Reached XP level 5. HP: 41/42 MP: 1/9
  3434 | D:4      | Reached skill level 7 in Poison Magic
  3697 | D:4      | Reached skill level 1 in Air Magic
  3697 | D:4      | Reached XP level 6. HP: 42/49 MP: 11/11
  3705 | D:4      | Learned a level 3 spell: Mephitic Cloud
  4144 | D:4      | Found a hazy altar of Hepliaklqana.
  4155 | D:4      | Found a bloodstained altar of Trog.
  4384 | D:5      | Entered Level 5 of the Dungeon
  4536 | D:5      | Noticed a black bear
  4689 | D:5      | Killed a black bear
  4690 | D:5      | Reached skill level 1 in Conjurations
  4760 | D:5      | Found Rucronoo's Antique Weapon Shop.
  4765 | D:5      | Noticed an ice beast
  4783 | D:5      | Slain by an ice beast

Illustrated notes

Levels and vault maps discovered:
D:1:      nzn_arrival_settlement, layout_basic, chequers_ecumenical_altar_twisty
D:2:      layout_rooms
D:3:      layout_basic
D:4:      layout_loops_cross, kennysheep_little_box,
          mainiacjoe_overflow_alcove_1
D:5:      layout_cave_pools, mainiacjoe_overflow_catwalk, serial_shops,
          nicolae_stop_n_shop_2, shop, hangedman_glass_teeth,
          minmay_misc_feat_cross

Skill      XL: |  1  2  3  4  5  6 |
---------------+-------------------+-----
Poison Magic   | 5 6 7 |  7.1
Spellcasting   | 3 4 |  4.0
Air Magic      | 1 2 |  2.7
Conjurations   | 1 |  1.4
Dodging        | |  1.5
Stealth        | |  3.0
Transmutations | |  1.0

Action                   |  1- 3 |  4- 6 || total
-------------------------+-------+-------++-------
Melee: Unarmed           |     6 |       ||     6
       Trident           |       |    74 ||    74
       Punch             |       |     1 ||     1
 Fire: Sling             |    19 |    10 ||    29
 Cast: Sting             |    42 |    28 ||    70
       Poisonous Vapours |     1 |    18 ||    19
 Abil: Spit Poison       |    15 |    19 ||    34
  Use: Scroll            |     7 |     4 ||    11
 Stab: Sleeping          |       |     4 ||     4
       Distracted        |       |     1 ||     1
Armor: Robe              |    17 |    30 ||    47
Dodge: Dodged            |    18 |    49 ||    67

Table legend: (Time is in decaauts)
 A = Elapsed time spent in this place.
 B = Non-inter-level travel time spent in this place.
 C = Inter-level travel time spent in this place.
 D = Time resting spent in this place.
 E = Time spent auto-exploring this place.
 F = Levels seen in this place.
 G = Mean time per level.
                   A        B        C        D        E       F      G
               +--------+--------+--------+--------+--------+-----+--------+
         Total |   5758 |   5658 |    100 |   1822 |   2122 |   5 | 1151.6 |
       Dungeon |   5758 |   5658 |    100 |   1822 |   2122 |   5 | 1151.6 |
               +--------+--------+--------+--------+--------+-----+--------+

Top non-repeatable levels by time:
     D:4: 1506 daAuts
     D:3: 1460 daAuts
     D:2: 1221 daAuts
     D:1: 1121 daAuts
     D:5: 447 daAuts
